 Dungeon Crawl Stone Soup version 0.30-a0-715-gdb4ae3ece1 (webtiles) character file.

Game seed: 7169241823519603241

169 wormed the Firebug (level 5, -3/38 HPs)
             Began as a Demonspawn Fire Elementalist on Jan 23, 2023.
             Was an Initiate of Vehumet.
             Slain by a wyvern (12 damage)
             ... on level 4 of the Dungeon.
             The game lasted 00:05:11 (2283 turns).

wormed the Firebug (Demonspawn Fire Elementalist)   Turns: 2283, Time: 00:05:12

Health: -3/38      AC:  3    Str:  8    XL:     5   Next: 25%
Magic:  1/8        EV: 12    Int: 18    God:    Vehumet [......]
Gold:   89         SH:  0    Dex: 14    Spells: 6/9 levels left

rFire   . . .      SeeInvis .    j - +2 dagger (vamp)
rCold   . . .      Faith    .    (no shield)
rNeg    . . .      Spirit   .    a - +0 robe
rPois   .          Reflect  .    (no helmet)
rElec   .          Harm     .    (no cloak)
rCorr   .          Rampage  .    (no gloves)
Will    .....                    (no boots)
Stlth   ++                       o - amulet of magic regeneration
HPRegen 0.26/turn                (no ring)
MPRegen 0.51/turn                (no ring)

@: no status effects
A: hooves 1, powered by death 1, sharp scales 1
a: Renounce Religion


You were on level 4 of the Dungeon.
You worshipped Vehumet.
Vehumet was noncommittal.
You visited 2 branches of the dungeon, and saw 4 of its levels.

You collected 89 gold pieces.

Inventory:

Hand Weapons
 h - a +0 dagger
 j - a +2 vampiric dagger (weapon)
Armour
 a - a +0 robe (worn)
Jewellery
 o - an amulet of magic regeneration (around neck)
Scrolls
 i - a scroll of magic mapping {unknown}
 l - 3 scrolls of teleportation {unknown}
 n - a scroll of identify
Potions
 b - a potion of flight {unknown}
 c - a potion of brilliance {unknown}
 d - a potion of might {unknown}
 e - a potion of mutation {unknown}
 f - a potion of heal wounds {unknown}
 g - 2 potions of curing {unknown}
 k - 2 potions of attraction
 m - 2 potions of lignification {unknown}


   Skills:
 + Level 1.9 Fighting
 + Level 2.5 Dodging
 + Level 2.6 Stealth
 + Level 2.6 Spellcasting
 + Level 2.1 Conjurations
 + Level 3.3 Fire Magic


You had 6 spell levels left.
You knew the following spells:

 Your Spells              Type           Power      Damage    Failure   Level
a - Foxfire               Conj/Fire      48%        2x1d6     5%          1
b - Scorch                Fire           28%        2d6       7%          2

Your spell library contained the following spells:

 Spells                   Type           Power      Damage    Failure   Level
 Inner Flame              Hex/Fire       8%         N/A       26%         3
 Kindle Blastsparks       Fire/Tloc/Air  12%        2d11      32%         3
 Flame Wave               Conj/Fire      12%        2d6       50%         4
 Passage of Golubria      Tloc           2%         N/A       86%         4
 Silence                  Hex/Air        1%         N/A       99%         5
 Lehudib's Crystal Spear  Conj/Erth      3%         10d2      100%        8


Dungeon Overview and Level Annotations

Branches:
Dungeon (4/15)             Temple (1/1) D:4

Altars:
Ashenzari
Dithmenos
Hepliaklqana
Kikubaaqudgha
Nemelex Xobeh
Okawaru
Ru
Sif Muna
Vehumet
Xom
Yredelemnul


Innate Abilities, Weirdness & Mutations

You have large cloven feet.
You regenerate a little health from kills.
You are partially covered in razor-sharp scales. (AC +1, Slay +1)


Message History

A wyvern comes into view.
The wyvern hisses angrily.
A wyvern is nearby!
A wyvern is nearby!
Casting: Scorch (safe; 7% risk of failure)
Confirm with . or Enter, or press ? or * to list all spells.
You can't see any susceptible monsters within range! (Use Z to cast anyway.)
Casting: Scorch (safe; 7% risk of failure)
Confirm with . or Enter, or press ? or * to list all spells.
Flames lash the wyvern but do no damage.
The wyvern bites you!
Casting: Scorch (safe; 7% risk of failure)
Confirm with . or Enter, or press ? or * to list all spells.
Flames lash the wyvern.
The wyvern is lightly wounded.
The wyvern's fire resistance burns away.
The wyvern barely misses you.
Casting: Scorch (safe; 7% risk of failure)
Confirm with . or Enter, or press ? or * to list all spells.
Flames lash the wyvern.
The wyvern is lightly wounded.
The wyvern closely misses you. The wyvern bites you!
Casting: Scorch (safe; 7% risk of failure)
Confirm with . or Enter, or press ? or * to list all spells.
Flames lash the wyvern.
The wyvern is burned terribly!
The wyvern is moderately wounded.
The wyvern bites you!
* * * LOW HITPOINT WARNING * * *
Casting: Scorch (safe; 7% risk of failure)
Confirm with . or Enter, or press ? or * to list all spells.
Flames lash the wyvern.
The wyvern is burned terribly!
The wyvern is severely wounded.
The wyvern barely misses you. The wyvern closely misses you.
Casting: Scorch (safe; 7% risk of failure)
Confirm with . or Enter, or press ? or * to list all spells.
You don't have enough magic to cast this spell.
You barely miss the wyvern. You kick the wyvern.
The wyvern is severely wounded.
The wyvern bites you!
You die...

##..............#
..............###
....#########.#
†...# #.# ....#
#.# ....# #.####
# ....# #....# .#
....# ####.# ..#
?...# #@# ...#
....# #l#....#
....# #......#
....# ###......
....# ......
##### ...#. .....
.... ....


You could see a wyvern (combustible).

Vanquished Creatures
  A jelly (D:4)
  3 iguanas (D:4)
  2 adders
  4 orcs
  4 bats (D:1)
  7 endoplasms
  4 goblins
  4 hobgoblins
  3 kobolds
  4 quokkas
  2 ball pythons
  A frilled lizard (D:1)
  5 rats
44 creatures vanquished.

Vanquished Creatures (collateral kills)
  4 foxfires (D:1)
4 creatures vanquished.

Vanquished Creatures (others)
  39 foxfires
  A plant (D:1)
40 creatures vanquished.

Grand Total: 88 creatures vanquished

Notes
Turn   | Place    | Note
-------+----------+-------------------------------------------
     0 | D:1      | wormed the Demonspawn Fire Elementalist began the quest for
                  | the Orb.
     0 | D:1      | Reached XP level 1. HP: 13/13 MP: 3/3
   412 | D:1      | Gained mutation: You have large cloven feet. [demonic
                  | ancestry]
   412 | D:1      | Reached XP level 2. HP: 20/20 MP: 3/5
   486 | D:1      | Learned a level 2 spell: Scorch
   510 | D:1      | Found a faded altar of an unknown god.
  1077 | D:1      | Found a radiant altar of Vehumet.
  1196 | D:2      | Reached skill level 1 in Fighting
  1196 | D:2      | Reached XP level 3. HP: 23/26 MP: 1/6
  1443 | D:2      | You fall into a shaft and drop 2 floors!
  1443 | D:4      | Found a staircase to the Ecumenical Temple.
  1450 | D:4      | Reached skill level 3 in Fire Magic
  1457 | Temple   | Entered the Ecumenical Temple
  1514 | Temple   | Became a worshipper of Vehumet
  1533 | D:4      | Gained mutation: You regenerate a little health from kills.
                  | [demonic ancestry]
  1533 | D:4      | Reached XP level 4. HP: 32/32 MP: 0/7
  1833 | D:4      | Gained mutation: You are partially covered in razor-sharp
                  | scales. (AC +1, Slay +1) [demonic ancestry]
  1833 | D:4      | Reached XP level 5. HP: 38/38 MP: 3/8
  2275 | D:4      | Noticed a wyvern
  2283 | D:4      | Slain by a wyvern

Illustrated notes

Levels and vault maps discovered:
D:1:      dpeg_arrival_water_altar, layout_loops_cross,
          shapermc_ecumenical_altar_mp_ritualfount, amethyst_killhole
D:2:      layout_basic, basic_altar, serial_shops, shop,
          kennysheep_generic_room_12, uniq_sigmund
D:4:      layout_basic, minmay_temple_entry_slanted
Temple:   hellmonk_temple_two_chambers

Skill      XL: |  1  2  3  4 |
---------------+-------------+-----
Stealth        | 2 |  2.6
Dodging        | 2 |  2.5
Fighting       | 1 |  1.9
Fire Magic     | 3 |  3.3
Conjurations   | 2 |  2.1
Spellcasting   | |  2.6

Action                     |  1- 3 |  4- 6 || total
---------------------------+-------+-------++-------
  Melee: Unarmed           |     4 |       ||     4
         Dagger            |    22 |     7 ||    29
         Kick              |     5 |     1 ||     6
   Cast: Foxfire           |    28 |     1 ||    29
         Scorch            |    15 |    24 ||    39
    Use: Scroll            |     3 |       ||     3
         Potion            |     1 |       ||     1
 Armour: Robe              |     8 |     1 ||     9
  Dodge: Dodged            |    25 |    12 ||    37

Table legend: (Time is in decaauts)
 A = Elapsed time spent in this place.
 B = Non-inter-level travel time spent in this place.
 C = Inter-level travel time spent in this place.
 D = Time resting spent in this place.
 E = Time spent auto-exploring this place.
 F = Levels seen in this place.
 G = Mean time per level.
                   A        B        C        D        E       F      G
               +--------+--------+--------+--------+--------+-----+--------+
         Total |   2296 |   2281 |     15 |      0 |   1822 |   4 |  574.0 |
       Dungeon |   1956 |   1941 |     15 |      0 |   1516 |   3 |  652.0 |
        Temple |    340 |    340 |      0 |      0 |    306 |   1 |  340.0 |
               +--------+--------+--------+--------+--------+-----+--------+

Top non-repeatable levels by time:
     D:1: 1123 daAuts
     D:4: 504 daAuts
  Temple: 340 daAuts
     D:2: 328 daAuts
